 Dungeon Crawl Stone Soup version 0.19-a0-406-ge21436e (webtiles) character file.

577 Ordine the Changer (level 7, -5/43 HPs)
             Began as an Octopode Transmuter on May 30, 2016.
             Was an Initiate of Cheibriados.
             Slain by Grinder (11 damage)
             ... on level 4 of the Dungeon.
             The game lasted 00:12:38 (4966 turns).

Ordine the Changer (Octopode Transmuter)            Turns: 4966, Time: 00:12:38

Health: -5/43      AC:  2    Str: 10    XL:     7   Next: 35%
Magic:  6/10       EV: 20    Int: 19    God:    Cheibriados [......]
Gold:   87         SH:  0    Dex: 18    Spells: 3 memorised, 1 level left

rFire  . . .     SeeInvis .       - Unarmed
rCold  . . .     Gourm    .     (shield currently unavailable)
rNeg   . . .     Faith    .     (helmet currently unavailable)
rPois  x         Spirit   .     (no amulet)
rElec  .         Dismiss  .     (no ring)
rCorr  .         Reflect  .     (no ring)
SustAt .         Harm     .     (no ring)
MR     .....                    (no ring)
Stlth  ++........               (no ring)
                                (no ring)
                                (no ring)
                                (no ring)

@: spider-form (expiring), very slightly contaminated, slow, not resistant to
hostile enchantments, unstealthy
A: almost no armour, (amphibious), 8 rings, (constrict 8), (camouflage 0),
(gelatinous body 0)
a: End Transformation, Bend Time, Renounce Religion


You were on level 4 of the Dungeon.
You worshipped Cheibriados.
Cheibriados was noncommittal.
You were hungry.
You were a venomous arachnid creature.
You visited 2 branches of the dungeon, and saw 5 of its levels.

You collected 87 gold pieces.

Inventory:

Wands
 i - a wand of disintegration (16/24)
Scrolls
 e - 2 scrolls of remove curse
Potions
 a - a potion of magic
Books
 b - a book of Changes

   Spells                             Type                      Level
   a - Beastly Appendage              Transmutation                1
   b - Sticks to Snakes               Transmutation                2
   c - Spider Form                    Transmutation/Poison         3
   d - Ice Form                       Ice/Transmutation            4
   e - Blade Hands                    Transmutation                5
Comestibles
 c - 3 bread rations
 f - a beef jerky


   Skills:
 - Level 1.0 Fighting
 - Level 2.0 Dodging
 + Level 4.9 Unarmed Combat
 - Level 2.0 Spellcasting
 * Level 6.8 Transmutations


You had one spell level left.
You knew the following spells:

 Your Spells              Type           Power        Failure   Level  Hunger
a - Beastly Appendage     Tmut           ####..       6%          1    #......
b - Spider Form           Tmut/Pois      ##........   32%         3    ###....
c - Blade Hands           Tmut           ####......   56%         5    ######.


Dungeon Overview and Level Annotations

Branches:
Dungeon (4/15)             Temple (1/1) D:4

Altars:
Ashenzari
Cheibriados
Dithmenos
Elyvilon
Gozag
Hepliaklqana
Kikubaaqudgha
Makhleb
Okawaru
Pakellas
Qazlal
Ru
Sif Muna
Trog
Uskayaw
Vehumet
Xom
Yredelemnul
Zin
The Shining One

Annotations:
D:4 Grinder


Innate Abilities, Weirdness & Mutations

You cannot wear most types of armour.
((You are amphibious.))
You can wear up to eight rings at the same time.
((You can use your tentacles to constrict eight enemies at once.))
((Your skin changes colour to match your surroundings (Stealth+).))
((Your rubbery body absorbs attacks. (AC +1)))


Message History

Pain shoots through your body!
You hit Grinder but do no damage.
Grinder is severely wounded.
Grinder completely misses you.
You hit Grinder but do no damage.
Grinder is severely wounded.
Your transformation is almost over.
You hit Grinder.
Grinder is severely wounded.
Grinder completely misses you.
You barely miss Grinder.
Grinder is severely wounded.
Grinder hits you!
* * * LOW HITPOINT WARNING * * *
You writhe in agony. x2
You are too injured to fight recklessly!
You hit Grinder.
Grinder is severely wounded.
Grinder hits you!
You die...

....####...#.##.###.......###
...######.##.##.# #.#.....#
..## #....##.##.# #....####
.## #.......##.# ##.#.# ##
#....#####.# #.#.. # ##.#.#
#.# #.#### #
#.#.#####.####.### ##
#.#.......5....... .##
#.########s###.### ..# #.#
#.# .## #.# #.# .######.# #.#
........# #.# ######## #.# #
#.# #.. ###


You could see Grinder.

Vanquished Creatures
  Sigmund (D:3)
  An ogre (D:4)
  A centaur (D:3)
  Terence (D:3)
  Jessica (D:3)
  Natasha (twice) (D:3)
  5 adders
  2 oozes (D:4)
  2 worms
  3 dart slugs
  3 giant geckos
  An orc (D:3)
  A ball python (D:2)
  5 giant cockroaches
  9 goblins
  10 hobgoblins
  5 jackals
  5 bats
  11 giant newts
  6 kobolds
  7 rats
82 creatures vanquished.

Notes
Turn   | Place    | Note
--------------------------------------------------------------
     0 | D:1      | Ordine the Octopode Transmuter began the quest for the Orb.
     0 | D:1      | Reached XP level 1. HP: 13/13 MP: 3/3
   261 | D:1      | Reached XP level 2. HP: 8/18 MP: 5/5
   453 | D:1      | Reached skill level 3 in Transmutations
   809 | D:1      | Reached XP level 3. HP: 23/23 MP: 6/6
   829 | D:1      | Learned a level 3 spell: Spider Form
  1551 | D:2      | Found a deep blue altar of Sif Muna.
  1687 | D:2      | Found an iron altar of Okawaru.
  1687 | D:2      | Found a bloodstained altar of Trog.
  2291 | D:2      | Reached skill level 4 in Transmutations
  2291 | D:2      | Reached XP level 4. HP: 26/28 MP: 3/7
  2578 | D:3      | Noticed a centaur
  2582 | D:3      | Noticed Jessica
  2861 | D:3      | Killed Jessica
  2904 | D:3      | Killed a centaur
  2904 | D:3      | Reached skill level 5 in Transmutations
  2904 | D:3      | Reached XP level 5. HP: 3/33 MP: 1/8
  2907 | D:3      | HP: 1/33 [hobgoblin (3)]
  3412 | D:3      | Noticed Sigmund
  3428 | D:3      | Noticed Natasha
  3624 | D:3      | Killed Natasha
  3641 | D:3      | Noticed Terence
  3654 | D:3      | Killed Terence
  3654 | D:3      | Reached XP level 6. HP: 33/38 MP: 5/9
  3682 | D:3      | Noticed Natasha
  3685 | D:3      | Killed Natasha
  3729 | D:3      | Killed Sigmund
  3729 | D:3      | Reached skill level 6 in Transmutations
  3729 | D:3      | Reached XP level 7. HP: 27/43 MP: 7/10
  4330 | D:4      | Found an opulent altar of Gozag.
  4337 | D:4      | Learned a level 5 spell: Blade Hands
  4337 | D:4      | Found a shadowy altar of Dithmenos.
  4338 | D:4      | Found a glowing golden altar of the Shining One.
  4340 | D:4      | Found an oddly glowing altar of Pakellas.
  4341 | D:4      | Found an ancient bone altar of Kikubaaqudgha.
  4661 | D:4      | Found a staircase to the Ecumenical Temple.
  4670 | Temple   | Entered the Ecumenical Temple
  4754 | Temple   | Became a worshipper of Cheibriados the Contemplative
  4918 | D:4      | Noticed Grinder
  4939 | D:4      | Paralysed by Grinder for 3 turns
  4966 | D:4      | Slain by Grinder

Vault maps used:
D:1:      dpeg_arrival_pits
D:2:      gammafunk_temple_overflow_elements, lemuel_crystal_altar
D:3:      first_bread, uniq_jessica, uniq_terence, uniq_natasha, uniq_sigmund
D:4:      grunt_temple_overflow_open, minmay_temple_entry_purple_smoke,
          uniq_grinder
Temple:   circular_temple_12

Skill      XL: |  1  2  3  4  5  6 |
---------------+-------------------+-----
Transmutations | 3 4 5 6 |  6.8
Unarmed Combat | 4 |  4.9
Fighting       | |  1.0
Dodging        | |  2.0
Spellcasting   | |  2.0

Action                   |  1- 3 |  4- 6 |  7- 9 || total
-------------------------+-------+-------+-------++-------
Melee: Unarmed           |    92 |    95 |    60 ||   247
       Constrict         |    21 |     8 |     5 ||    34
       Tentacles         |     8 |     7 |     7 ||    22
       Punch             |     1 |       |       ||     1
 Cast: Spider Form       |     1 |     8 |     4 ||    13
  Use: Scroll            |     4 |     3 |     1 ||     8
       Potion            |       |     2 |     1 ||     3
 Stab: Sleeping          |     7 |     2 |     3 ||    12
  Eat: Chunk             |     4 |     5 |     5 ||    14
Armor: Skin              |     2 |     8 |     2 ||    12
Dodge: Dodged            |    48 |    66 |    32 ||   146
